 Dungeon Crawl Stone Soup version 0.16.0-16-g311141a (webtiles) character file.

5623 Chiseanne the Thaumaturge (level 10, -6/63 HPs)
             Began as a High Elf Necromancer on Mar 19, 2015.
             Was a Believer of Vehumet.
             Mangled by a nine-headed hydra (15 damage)
             ... on level 10 of the Dungeon.
             The game lasted 00:59:25 (11856 turns).

Chiseanne the Thaumaturge (High Elf Necromancer)   Turns: 11856, Time: 00:59:25

Health: -6/63      AC: 16    Str:  7    XL:     10   Next: 46%
Magic:  0/33       EV: 14    Int: 22    God:    Vehumet [**....]
Gold:   201        SH:  0    Dex: 17    Spells: 7 memorised, 18 levels left

rFire  + . .     SeeInvis .     c - +3 quarterstaff (protect)
rCold  + . .     Clarity  .     U - troll hide
rNeg   . . .     SustAb   .     (no shield)
rPois  .         Gourm    .     K - +2 helmet
rElec  .         Spirit   +     N - +1 cloak
rCorr  .         Warding  .     v - +1 pair of gloves
rMut   .         Stasis   .     x - +1 pair of boots
MR     +....                    h - amulet of guardian spirit
Stlth  ++........               Q - ring of protection from cold
                                z - ring of protection from fire

@: about to teleport, somewhat resistant to hostile enchantments, unstealthy
A: no striking features
a: Renounce Religion


You were on level 10 of the Dungeon.
You worshipped Vehumet.
Vehumet was pleased with you.
You were not hungry.

You visited 2 branches of the dungeon, and saw 11 of its levels.
You also visited: Sewer.

You collected 369 gold pieces.
You spent 168 gold pieces at shops.

Inventory:

Hand weapons
 a - a +2 hand axe of freezing
 c - a +3 quarterstaff of protection (weapon)
 d - a +3 short sword of venom
 s - a +0 broad axe of chopping
 u - the +4 dagger of the Big Bang {pierce, -Cast +Rage rElec rF- Str+5}
   (You found it on level 7 of the Dungeon)

   It inflicts extra damage upon your enemies.
   It affects your strength (+5).
   It makes you vulnerable to fire.
   It insulates you from electricity.
   It lets you go berserk.
   It prevents spellcasting.
 w - a +0 blowgun
 J - a +1 hand axe of flaming
Missiles
 o - 84 poisoned needles
Armour
 v - a +1 pair of gloves (worn)
 x - a +1 pair of boots (worn)
 K - a +2 helmet (worn)
 N - a +1 cloak (worn)
 U - a troll hide (worn)
Jewellery
 h - an amulet of guardian spirit (around neck)
 y - an uncursed ring of protection from fire
 z - a ring of protection from fire (left hand)
 A - an uncursed ring of flight
 Q - a ring of protection from cold (right hand)
Magical devices
 L - a wand of fireball (0)
 P - a wand of digging (15)
Scrolls
 f - 4 scrolls of remove curse
 i - a scroll of fog
 F - a scroll of recharging
 I - 3 scrolls of teleportation
 R - a scroll of identify
Potions
 e - a potion of heal wounds
 g - 7 potions of curing
 m - a potion of invisibility {unknown}
 n - 2 potions of resistance
 q - 2 potions of agility {unknown}
 t - a potion of beneficial mutation {unknown}
 B - a potion of berserk rage {unknown}
 C - 4 potions of poison {unknown}
 D - 2 potions of brilliance
 E - a potion of magic {unknown}
 G - 2 potions of might {unknown}
 M - 2 potions of restore abilities {unknown}
Books
 b - a book of Necromancy

   Spells                             Type                      Level
   a - Pain                           Necromancy                   1
   b - Animate Skeleton               Necromancy                   1
   c - Vampiric Draining              Necromancy                   3
   d - Regeneration                   Charms/Necromancy            3
   e - Animate Dead                   Necromancy                   4
   f - Control Undead                 Necromancy                   4
Comestibles
 j - 2 beef jerkies
 k - 4 bread rations
 l - 4 meat rations
 p - a slice of pizza


   Skills:
 - Level 3.3 Fighting
 - Level 4.4 Dodging
 - Level 2.1 Stealth
 * Level 13.8 Spellcasting
 * Level 2.1 Conjurations
 - Level 6.6 Necromancy


You had 18 spell levels left.
You knew the following spells:

 Your Spells              Type           Power        Failure   Level  Hunger
a - Pain                  Necr           ####         1%          1    None
b - Animate Skeleton      Necr           N/A          1%          1    None
c - Vampiric Draining     Necr           #####.....   1%          3    None
d - Regeneration          Chrm/Necr      ####......   6%          3    None
e - Animate Dead          Necr           N/A          4%          4    None
f - Control Undead        Necr           #####.....   4%          4    None
g - Searing Ray           Conj           ###...       4%          2    None


Dungeon Overview and Level Annotations

Branches:
Dungeon (10/15)            Temple (1/1) D:6            Lair (0/8) D:9
    Orc: D:9-12

Altars:
Ashenzari
Cheibriados
Dithmenos
Elyvilon
Fedhas
Gozag
Kikubaaqudgha
Makhleb
Nemelex Xobeh
Okawaru
Qazlal
Sif Muna
Trog
Vehumet
Xom
Yredelemnul
Zin
The Shining One

Shops:
D:10 *


Message History

The nine-headed hydra bites you!
* * * LOW HITPOINT WARNING * * *
The nine-headed hydra bites you but does no damage. x3
Drink which item? (? for menu, Esc to quit)
You feel much better.
Your orc zombie hits the nine-headed hydra with a war axe.
The nine-headed hydra bites you.
The nine-headed hydra barely misses you. x2
The nine-headed hydra bites you but does no damage.
The nine-headed hydra bites you. The nine-headed hydra bites you!
The nine-headed hydra bites you but does no damage.
The nine-headed hydra bites you.
* * * LOW HITPOINT WARNING * * *
The nine-headed hydra bites you but does no damage.
Read which item? (? for menu, Esc to quit)
As you read the scroll of teleportation, it crumbles to dust.
You feel strangely unstable. The nine-headed hydra bites you.
* * * LOW HITPOINT WARNING * * *
The nine-headed hydra bites you!
You die...

..............#...##.
..............#.....
..............+....
..............#...#
..............#...#
..........##+###'##
..........'.......+
..........#....)DZ#
..........#.....@.#
..........#+#####+#
#+##...............
...+...>...........
...#...............
...#................
...#................
...#................
...##........####+#.


You could see a nine-headed hydra and a friendly orc zombie.

Vanquished Creatures
  Joseph (D:9)
  A troll (D:9)
  A wyvern (D:9)
  4 orc warriors
  An ice beast (D:9)
  An eye of draining (D:9)
  2 black bears (D:9)
  A phantom (D:5)
  3 centaurs
  A sky beast (D:10)
  6 ogres
  11 big kobolds (D:9)
  Sigmund (D:5)
  3 giant frogs
  3 killer bees (D:7)
  2 scorpions
  2 hounds
  2 crimson imps
  A giant frog skeleton (D:10)
  3 jellies
  A quasit (D:9)
  6 orc priests
  A centaur skeleton (D:10)
  An iguana (D:7)
  13 orc wizards
  2 worker ants
  Jessica (D:6)
  A hound skeleton (D:9)
  8 gnolls
  19 adders
  3 giant mites (D:6)
  2 worms
  An orc skeleton (D:5)
  6 giant geckos
  4 oozes
  29 orcs
  12 bats
  2 bat skeletons
  A bat zombie (D:5)
  8 giant cockroaches
  13 goblins
  11 hobgoblins
  2 jackals (Sewer)
  4 quokkas
  4 ball pythons
  2 giant gecko skeletons (D:6)
  A giant gecko zombie (D:3)
  6 giant newts
  26 kobolds
  16 rats
  9 plants
265 creatures vanquished.

Vanquished Creatures (collateral kills)
  A hungry ghost (D:9)
  Edmund (D:7)
  An ice beast (D:9)
  An orc warrior (D:6)
  A sky beast (D:7)
  An ogre (D:9)
  A crocodile (D:10)
  2 big kobolds (D:9)
  A centaur (D:5)
  3 crimson imps
  A hound (D:7)
  A giant frog skeleton (D:7)
  2 orc wizards
  2 adders
  A shadow imp (D:9)
  An ooze (D:2)
  6 orcs
  A bat (D:9)
  A hobgoblin (D:9)
  A ball python (Sewer)
  A giant newt (D:1)
  A goblin (D:2)
  2 kobolds
  A quokka (D:6)
  A bush (D:9)
  A plant (Sewer)
37 creatures vanquished.

Vanquished Creatures (others)
  A wyvern skeleton (D:9)
  A black bear zombie (D:9)
  A centaur zombie (D:10)
  6 big kobold zombies (D:9)
  A crocodile zombie (D:10)
  An ogre zombie (D:9)
  2 big kobold skeletons (D:9)
  A hound zombie (D:7)
  An adder zombie (D:9)
  4 adder skeletons
  3 bat skeletons
  A bat zombie (D:9)
  2 ball python skeletons
  A giant gecko skeleton (D:7)
  A giant newt skeleton (Sewer)
  A gnoll skeleton (D:3)
  3 goblin skeletons
  2 hobgoblin skeletons
  A hobgoblin zombie (D:9)
  A jackal skeleton (Sewer)
  6 kobold skeletons
  6 kobold zombies
  3 orc skeletons (D:5)
  7 orc zombies
  A quokka skeleton (D:9)
  2 rat skeletons
  A rat zombie (D:10)
61 creatures vanquished.

Grand Total: 363 creatures vanquished

Notes
Turn   | Place    | Note
--------------------------------------------------------------
     0 | D:1      | Chiseanne, the High Elf Necromancer, began the quest for the Orb.
     0 | D:1      | Reached XP level 1. HP: 11/11 MP: 4/4
     2 | D:1      | Learned a level 1 spell: Animate Skeleton
   484 | D:1      | Reached XP level 2. HP: 17/17 MP: 4/6
  1278 | D:1      | Reached XP level 3. HP: 21/21 MP: 10/10
  1708 | D:2      | Learned a level 3 spell: Vampiric Draining
  1712 | D:2      | Learned a level 3 spell: Regeneration
  2033 | D:2      | Reached skill level 4 in Necromancy
  2033 | D:2      | Reached XP level 4. HP: 12/27 MP: 1/13
  2522 | D:2      | Found a white marble altar of Elyvilon.
  3267 | D:3      | Reached XP level 5. HP: 22/31 MP: 4/16
  3743 | D:3      | Found a burning altar of Makhleb.
  3743 | D:3      | Noticed a blizzard demon
  3878 | D:3      | Found a shattered altar of Ashenzari.
  3939 | D:3      | Learned a level 4 spell: Animate Dead
  4165 | D:3      | Found an iron altar of Okawaru.
  4398 | D:4      | Noticed an ogre
  4404 | D:4      | Killed an ogre
  4404 | D:4      | Reached skill level 5 in Spellcasting
  4404 | D:4      | Reached XP level 6. HP: 18/36 MP: 8/20
  4409 | D:4      | Reached skill level 5 in Necromancy
  4660 | D:4      | Learned a level 4 spell: Control Undead
  5233 | D:5      | Entered Level 5 of the Dungeon
  5306 | D:5      | Reached skill level 6 in Spellcasting
  5314 | D:5      | Reached XP level 7. HP: 33/41 MP: 14/23
  5473 | D:5      | Noticed Sigmund
  5483 | D:5      | Killed Sigmund
  5571 | D:5      | Reached skill level 7 in Spellcasting
  6240 | D:5      | Reached XP level 8. HP: 17/46 MP: 7/25
  6402 | D:6      | Noticed Jessica
  6407 | D:6      | Killed Jessica
  6415 | D:6      | Found a deep blue altar of Sif Muna.
  6473 | D:6      | Reached skill level 8 in Spellcasting
  6522 | D:6      | Found a staircase to the Ecumenical Temple.
  6545 | D:6      | Found a shimmering altar of Xom.
  6834 | D:6      | Found a glowing drain.
  6842 | Sewer    | Entered a sewer
  7654 | D:6      | Reached skill level 9 in Spellcasting
  7819 | D:6      | Reached skill level 1 in Fighting
  7834 | Temple   | Entered the Ecumenical Temple
  7879 | Temple   | Became a worshipper of Vehumet
  8565 | D:7      | Reached skill level 10 in Spellcasting
  8808 | D:7      | Noticed Edmund
  8819 | D:7      | Killed Edmund
  8819 | D:7      | Reached XP level 9. HP: 42/54 MP: 14/29
  8974 | D:7      | Found an ancient bone altar of Kikubaaqudgha.
  9228 | D:7      | Got a shimmering dagger
  9229 | D:7      | Identified the +4 dagger of the Big Bang {pierce, -Cast +Rage rElec rF- Str+5} (You found it on level 7 of the Dungeon)
  9246 | D:7      | Acquired Vehumet's first power
  9246 | D:7      | Offered knowledge of Sandblast by Vehumet.
  9476 | D:9      | Reached skill level 11 in Spellcasting
 10098 | D:9      | Found a staircase to the Lair.
 10136 | D:9      | Found a shadowy altar of Dithmenos.
 10175 | D:9      | Offered knowledge of Searing Ray by Vehumet.
 10175 | D:9      | Reached skill level 12 in Spellcasting
 10393 | D:9      | Learned a level 2 spell: Searing Ray
 10674 | D:9      | Reached XP level 10. HP: 61/63 MP: 28/32
 10861 | D:9      | Found a snail-covered altar of Cheibriados.
 10862 | D:9      | Found an opulent altar of Gozag.
 10863 | D:9      | Found a basalt altar of Yredelemnul.
 10935 | D:9      | Reached skill level 1 in Conjurations
 11031 | D:9      | Noticed Joseph
 11052 | D:9      | Killed Joseph
 11052 | D:9      | Reached skill level 13 in Spellcasting
 11193 | D:9      | Found a bloodstained altar of Trog.
 11344 | D:10     | Entered Level 10 of the Dungeon
 11430 | D:10     | Offered knowledge of Inner Flame by Vehumet.
 11645 | D:10     | Found Kesum's General Store.
 11675 | D:10     | Bought a scroll of teleportation for 42 gold pieces
 11675 | D:10     | Bought a beef jerky for 21 gold pieces
 11675 | D:10     | Bought a scroll of enchant weapon for 105 gold pieces
 11838 | D:10     | Noticed an eight-headed hydra
 11850 | D:10     | HP: 3/63 [eight-headed hydra (9)]
 11850 | D:10     | HP: 1/63 [eight-headed hydra (2)]
 11856 | D:10     | Mangled by a nine-headed hydra

Action                   |  1- 3 |  4- 6 |  7- 9 | 10-12 || total
-------------------------+-------+-------+-------+-------++-------
Melee: Unarmed           |     1 |       |       |       ||     1
       Short sword       |       |     1 |    12 |     2 ||    15
       Hand axe          |       |     9 |   204 |    28 ||   241
       Broad axe         |       |       |    31 |       ||    31
       Quarterstaff      |       |       |       |    49 ||    49
 Cast: Pain              |    61 |   139 |   215 |    45 ||   460
       Animate Skeleton  |     6 |    28 |    43 |       ||    77
       Vampiric Draining |       |     8 |    57 |    12 ||    77
       Animate Dead      |       |       |    17 |    12 ||    29
       Searing Ray       |       |       |     1 |     1 ||     2
       Regeneration      |       |       |     1 |       ||     1
       Control Undead    |       |       |       |     2 ||     2
Evoke: Wand              |       |       |     6 |     2 ||     8
  Use: Scroll            |       |    17 |     6 |     5 ||    28
       Potion            |       |       |       |     5 ||     5
 Stab: Sleeping          |       |       |     1 |       ||     1
  Eat: Chunk             |     1 |     8 |    16 |     1 ||    26
       Bread ration      |     1 |       |       |       ||     1
       Fruit             |       |       |     2 |     2 ||     4
       Royal jelly       |       |       |       |     1 ||     1
